 Dungeon Sprint DCSS version 0.21-a0-225-g207ae17 (webtiles) character file.

148539 Kidiri the Sorcerer (level 15, -13/97 HPs)
             Began as a Deep Elf Fire Elementalist on Aug 29, 2017.
             Was the Champion of Vehumet.
             Mangled by Mennas
             ... wielding a +0 eudemon blade of holy wrath
              (17 damage)
             ... in the Dungeon (Sprint III: "The Ten Rune Challenge").
             The game lasted 01:18:33 (11787 turns).

Kidiri the Sorcerer (Deep Elf Fire Elementalist)   Turns: 11787, Time: 01:18:33

Health: -13/97     AC: 10    Str:  4    XL:     15   Next: 89%
Magic:  19/46      EV: 28    Int: 32    God:    Vehumet [******]
Gold:   2448       SH: 11    Dex: 30    Spells: 8/64 levels left

rFire    + + .     SeeInvis .   L - +2 rapier of Summer {vamp, +Rage Str-4 Dex+7}
rCold    + . .     Gourm    .   Z - +0 shield {AC+3}
rNeg     + . .     Faith    .   A - +2 leather armour of the Barnacle {rElec}
rPois    +         Spirit   .   y - +1 hat
rElec    +         Reflect  .   G - scarf {cloud immunity}
rCorr    .         Harm     .   (no gloves)
MR       +....     NoTele   +   C - +2 pair of boots
Stlth    +.........             m - amulet of Tysumus {RegenMP *Slow +Blink rF+ Dex+8}
HPRegen  0.26/turn              b - ring "Leorphoex" {rElec rF+ rC+ Str+3}
MPRegen  0.55/turn              t - ring of Vyxt {+Inv rPois rN+ Int+3 Stlth-}

@: corroded, glowing, silenced
A: beak, clever 1, wild magic 1
}: 3/10 runes: decaying, serpentine, silver
a: Renounce Religion, Evoke Blink, Evoke Berserk Rage, Evoke Invisibility


You were in the Dungeon.
You worshipped Vehumet.
Vehumet was exalted by your worship.
You were completely stuffed.

You visited 1 branch You collected 3304 gold pieces.
You spent 856 gold pieces at shops.

Inventory:

Hand Weapons
 L - the +2 rapier of Summer (weapon) {vamp, +Rage Str-4 Dex+7}
   (You found it in the Dungeon)

   It inflicts no extra harm, but heals its wielder when it wounds a living foe.
   It affects your strength (-4).
   It affects your dexterity (+7).
   It lets you go berserk.
Armour
 c - a +1 shield of reflection
 d - a +2 robe of resistance
 l - a +1 large shield of reflection
 y - a +1 hat (worn)
 A - the +2 leather armour of the Barnacle (worn) {rElec}
   (You bought it in a shop in the Dungeon)

   It insulates you from electricity.
 C - a +2 pair of boots (worn)
 G - a scarf of cloud immunity (worn)
 Z - a +0 shield of protection (worn)
Jewellery
 b - the ring "Leorphoex" (left hand) {rElec rF+ rC+ Str+3}
   (You took it off a deep elf high priest in the Dungeon)

   [ring of protection from cold]

   It affects your strength (+3).
   It protects you from fire.
   It protects you from cold.
   It insulates you from electricity.
 m - the amulet of Tysumus (around neck) {RegenMP *Slow +Blink rF+ Dex+8}
   (You found it in the Dungeon)

   [amulet of magic regeneration]

   It increases your magic regeneration.
   It affects your dexterity (+8).
   It protects you from fire.
   It lets you blink.
   It may slow you when you take damage.
 t - the ring of Vyxt (right hand) {+Inv rPois rN+ Int+3 Stlth-}
   (You took it off a deep elf annihilator in the Dungeon)

   [ring of intelligence]

   It affects your intelligence (+3).
   It protects you from poison.
   It protects you from negative energy.
   It lets you turn invisible.
   It makes you less stealthy.
 P - an uncursed ring of flight
Wands
 f - a wand of clouds (5/9)
 h - a wand of confusion (30/48)
 i - a wand of iceblast (4/15)
 F - a wand of lightning (6/15)
 K - a wand of disintegration (9/24)
Scrolls
 k - 3 scrolls of amnesia
 n - 3 scrolls of torment
 o - 3 scrolls of remove curse
 q - a scroll of immolation
 u - 3 scrolls of silence
 x - a scroll of recharging
 U - 2 scrolls of acquirement
Potions
 r - 2 potions of berserk rage
 s - a potion of haste
 v - 3 potions of might
 w - 2 potions of invisibility
 z - 3 potions of mutation
 J - a potion of resistance {unknown}
 S - 3 potions of flight
Books
 E - a book of Clouds

   Spells                             Type                      Level
   a - Poisonous Vapours              Poison/Air                   2
   b - Mephitic Cloud                 Conjuration/Poison/Air       3
   c - Conjure Flame                  Conjuration/Fire             3
   d - Freezing Cloud                 Conjuration/Ice/Air          6
   e - Ring of Flames                 Charms/Fire                  7
Comestibles
 a - 14 royal jellies
 O - 4 bread rations


   Skills:
 + Level 12.7 Fighting
 + Level 14.7 Short Blades
 + Level 12.6 Armour
 + Level 17.2 Dodging
 - Level 2.4 Stealth
 + Level 8.6 Shields
 * Level 25.3 Spellcasting
 + Level 16.5 Conjurations
 + Level 12.2 Charms
 + Level 16.7 Fire Magic
 + Level 14.0 Earth Magic
 + Level 14.7 Poison Magic
 + Level 11.3 Evocations


You had 8 spell levels left.
You knew the following spells:

 Your Spells              Type           Power        Failure   Level  Hunger
a - Flame Tongue          Conj/Fire      #####        1%          1    None
b - Throw Flame           Conj/Fire      ######       1%          2    None
c - Conjure Flame         Conj/Fire      ########     1%          3    None
d - Inner Flame           Hex/Fire       #######.     1%          3    None
e - Ignite Poison         Fire/Tmut/Pois #######.     1%          3    None
f - Sticky Flame          Conj/Fire      ########     1%          4    None
g - Fireball              Conj/Fire      ########..   1%          5    None
h - Bolt of Magma         Conj/Fire/Erth ########..   1%          5    None
i - Bolt of Fire          Conj/Fire      ########..   1%          6    None
j - Ring of Flames        Chrm/Fire      ########..   8%          7    None
k - Olgreb's Toxic Radia  Pois           ########     1%          4    None
l - Poison Arrow          Conj/Pois      ########..   1%          6    None
m - Orb of Destruction    Conj           ########..   1%          7    None


Dungeon Overview and Level Annotations

Branches:
Dungeon (1/1)

Altars:
Cheibriados
Dithmenos
Elyvilon
Fedhas
Gozag
Hepliaklqana
Kikubaaqudgha
Makhleb
Nemelex Xobeh
Okawaru
Qazlal
Ru
Sif Muna
Trog
Uskayaw
Vehumet
Wu Jian
Xom
Yredelemnul
Zin
The Shining One
Beogh
Jiyva
Lugonu

Shops:
D ?:[!=[?%[[}?}%[%:!(([==

Annotations:
D exclusions: 4 doors, 2 oklob plants and 3 statues, Mennas, Roxanne


Innate Abilities, Weirdness & Mutations

You have a beak for a mouth.
Your mind is acute. (Int +2)
Your spells are a little harder to cast, but a little more powerful.


Message History

Unknown command.
Unknown command.
Unknown command.
Unknown command.
You puncture the oklob plant!
You peck the oklob plant, but do no damage.
The oklob plant is moderately damaged.
Mennas hits you with an eudemon blade of holy wrath!
* * * LOW HITPOINT WARNING * * *
Mennas hits you but does no damage. The oklob plant spits acid at you.
The splash of acid hits you!
* * * LOW HITPOINT WARNING * * *
The acid corrodes you!
You are splashed with acid!
The acid burns!
* * * LOW HITPOINT WARNING * * *
You completely miss the oklob plant.
You peck the oklob plant, but do no damage.
The oklob plant is moderately damaged.
Mennas hits you with an eudemon blade of holy wrath!
You die...

#........#+###.......#
#≈......≈# ##.....##
#8((...≈)# ##...##
####((#### ##+##
+.....# ### #####.#
∩∩# ##.## ∩∩#
###...###PP#
+...8..A@..+
###...###..# ##.## ..#
#.# ..# #+# ..# ..+
..# ###


You could see Roxanne, Mennas and 2 oklob plants.

Vanquished Creatures
  Sojobo (D)
  Boris (D)
  2 golden dragons (D)
  A lich (D)
  Rupert (D)
  3 titans (D)
  A quicksilver dragon (D)
  A deep elf master archer (D)
  Frances (D)
  Chuck (D)
  Gastronok (D)
  2 shadow dragons (D)
  Donald (D)
  A nagaraja (D)
  2 stone giants (D)
  A deep elf demonologist (D)
  A dire elephant (D)
  3 deep elf annihilators (D)
  Azrael (D)
  4 fire dragons (D)
  2 deep elf high priests (D)
  4 yaktaur captains (D)
  An ogre mage (D)
  A naga warrior (D)
  16 vault guards (D)
  Erolcha (D)
  4 anacondas (D)
  4 dancing weapons (D)
  4 death yaks (D)
  2 centaur warriors (D)
  Urug (D)
  2 deep elf knights (D)
  An anaconda zombie (D)
  2 skeletal warriors (D)
  A deep troll (shapeshifter) (D)
  A spriggan druid (D)
  An orange crystal statue (D)
  A lindwurm (D)
  An obsidian statue (D)
  A lindwurm (shapeshifter) (D)
  A wolf spider (shapeshifter) (D)
  4 deep elf magi (D)
  2 ugly things (D)
  4 crystal guardians (D)
  An orc sorcerer (D)
  A faun (shapeshifter) (D)
  An elephant (shapeshifter) (D)
  An elephant (D)
  2 stone giant skeletons (D)
  A guardian serpent (D)
  7 black mambas (D)
  5 statues (D)
  2 spiny frogs (D)
  A water nymph (shapeshifter) (D)
  A rime drake (D)
  A komodo dragon (D)
  A yaktaur (D)
  A jumping spider (shapeshifter) (D)
  4 spriggan defenders (D)
  2 tyrant leeches (D)
  A queen bee (D)
  A merfolk (shapeshifter) (D)
  3 wandering mushrooms (D)
  5 slime creatures (D)
  8 blink frogs (D)
  2 spriggans (D)
  A shadow (D)
  5 redbacks (D)
  2 hydra simulacra (D)
  2 nagas (D)
  A spatial vortex (D)
  An iron troll simulacrum (D)
  4 water moccasins (D)
  A hell hound (D)
  A swamp drake (D)
  4 orc warriors (D)
  A fire dragon simulacrum (D)
  A necrophage (D)
  5 two-headed ogres (D)
  A water elemental (D)
  32 killer bees (D)
  A jelly (D)
  6 orc priests (D)
  2 orc wizards (D)
  A wizard (D)
  A necromancer (D)
  2 wolf simulacra (D)
  3 humans (D)
  A kobold demonologist (D)
  A wolf (D)
  An adder (D)
  9 orcs (D)
  4 rats (D)
  7 bushes (D)
  6 butterflies (D)
  11 plants (D)
262 creatures vanquished.

Vanquished Creatures (others)
  Xtahua (D)
  2 draconian scorchers (D)
  A dire elephant (D)
  A fire dragon (D)
  3 hydras (D)
  A death drake (D)
  An elephant (D)
  6 hellions (D)
  3 yaktaurs (D)
  A hell hound (D)
  An electric eel (D)
  A bush (D)
  13 plants (D)
35 creatures vanquished.

Grand Total: 297 creatures vanquished

Notes
Turn   | Place    | Note
-------+----------+-------------------------------------------
     0 | D        | Kidiri the Deep Elf Fire Elementalist began the quest for the Orb.
     0 | D        | Reached XP level 1. HP: 10/10 MP: 6/6
    40 | D        | Killed a yaktaur
    51 | D        | Reached skill level 4 in Spellcasting
    77 | D        | Noticed a wolf
    79 | D        | Killed a wolf
    79 | D        | Reached skill level 5 in Spellcasting
    79 | D        | Reached XP level 2. HP: 15/15 MP: 6/10
    87 | D        | Reached skill level 6 in Spellcasting
    87 | D        | Reached XP level 3. HP: 19/19 MP: 3/13
    98 | D        | Killed a hellion
    99 | D        | Killed a hellion
   100 | D        | Killed a hellion
   100 | D        | Killed a hellion
   111 | D        | Killed a hellion
   114 | D        | Learned a level 2 spell: Throw Flame
   118 | D        | Learned a level 3 spell: Conjure Flame
   122 | D        | Learned a level 3 spell: Inner Flame
   133 | D        | Gained mutation: You have a beak for a mouth. [potion of mutation]
   133 | D        | Gained mutation: Armour fits poorly on your strangely shaped body. [potion of mutation]
   133 | D        | Gained mutation: Your flesh is heat resistant. (rF+) [potion of mutation]
   135 | D        | Lost mutation: Armour fits poorly on your strangely shaped body. [potion of mutation]
   135 | D        | Lost mutation: Your flesh is heat resistant. (rF+) [potion of mutation]
   135 | D        | Gained mutation: Your spells are a little harder to cast, but a little more powerful. [potion of mutation]
   135 | D        | Gained mutation: Your mind is acute. (Int +2) [potion of mutation]
   141 | D        | Killed a hellion
   145 | D        | Killed a white draconian scorcher
   157 | D        | Killed a white draconian scorcher
   178 | D        | Noticed a water elemental
   183 | D        | Killed a water elemental
   183 | D        | Reached skill level 8 in Spellcasting
   183 | D        | Reached skill level 5 in Fire Magic
   183 | D        | Reached XP level 4. HP: 24/24 MP: 7/16
   189 | D        | Learned a level 4 spell: Sticky Flame
   240 | D        | Found a radiant altar of Vehumet.
   241 | D        | Found a deep blue altar of Sif Muna.
   241 | D        | Found an ancient bone altar of Kikubaaqudgha.
   241 | D        | Noticed a wizard
   243 | D        | Killed a wizard
   243 | D        | Reached skill level 9 in Spellcasting
   243 | D        | Reached skill level 5 in Conjurations
   257 | D        | Became a worshipper of Vehumet
   335 | D        | Found a glowing silver altar of Zin.
   336 | D        | Found a glowing golden altar of the Shining One.
   336 | D        | Found a white marble altar of Elyvilon.
   336 | D        | Noticed a deep elf mage
   344 | D        | Killed a deep elf mage
   344 | D        | Reached skill level 5 in Dodging
   344 | D        | Reached skill level 12 in Spellcasting
   344 | D        | Reached XP level 5. HP: 19/32 MP: 14/21
   344 | D        | Reached XP level 6. HP: 21/37 MP: 15/23
   344 | D        | Reached XP level 7. HP: 24/41 MP: 15/24
   351 | D        | Learned a level 5 spell: Fireball
   478 | D        | Found an ornate altar of the Wu Jian Council.
   478 | D        | Found a roughly hewn altar of Beogh.
   478 | D        | Found an iron altar of Okawaru.
   478 | D        | Found a bloodstained altar of Trog.
   478 | D        | Found a hide-covered altar of Uskayaw.
   478 | D        | Noticed a human
   481 | D        | Killed a human
   482 | D        | Killed a human
   482 | D        | Reached * piety under Vehumet
   482 | D        | Offered knowledge of Freeze by Vehumet.
   583 | D        | Found a basalt altar of Yredelemnul.
   583 | D        | Found a shadowy altar of Dithmenos.
   583 | D        | Found a sacrificial altar of Ru.
   622 | D        | Reached ** piety under Vehumet
   622 | D        | Offered knowledge of Sting by Vehumet.
   622 | D        | Reached skill level 13 in Spellcasting
   625 | D        | Noticed a shadow
   633 | D        | Killed a shadow
   633 | D        | Reached skill level 5 in Short Blades
   633 | D        | Reached XP level 8. HP: 48/48 MP: 15/27
   694 | D        | Found a blossoming altar of Fedhas.
   694 | D        | Found a stormy altar of Qazlal.
   694 | D        | Found a snail-covered altar of Cheibriados.
   694 | D        | Found a burning altar of Makhleb.
   694 | D        | Found a shimmering altar of Xom.
   695 | D        | Found a hazy altar of Hepliaklqana.
   695 | D        | Found an opulent altar of Gozag.
   695 | D        | Found a sparkling altar of Nemelex Xobeh.
   695 | D        | Found a corrupted altar of Lugonu.
   695 | D        | Found a viscous altar of Jiyva.
   903 | D        | Offered knowledge of Ignite Poison by Vehumet.
   907 | D        | Reached *** piety under Vehumet
   912 | D        | Learned a level 3 spell: Ignite Poison
  1057 | D        | Noticed a two-headed ogre
  1069 | D        | Killed a two-headed ogre
  1069 | D        | Reached skill level 14 in Spellcasting
  1069 | D        | Reached skill level 1 in Poison Magic
  1140 | D        | Noticed Erolcha
  1141 | D        | Noticed a two-headed ogre
  1194 | D        | Killed Erolcha
  1194 | D        | Offered knowledge of Olgreb's Toxic Radiance by Vehumet.
  1194 | D        | Reached skill level 5 in Fighting
  1194 | D        | Reached skill level 5 in Armour
  1194 | D        | Reached XP level 9. HP: 23/54 MP: 23/29
  1200 | D        | Learned a level 4 spell: Olgreb's Toxic Radiance
  1383 | D        | Reached **** piety under Vehumet
  1383 | D        | Offered knowledge of Dazzling Spray by Vehumet.
  1383 | D        | Reached skill level 15 in Spellcasting
  1444 | D        | Killed a two-headed ogre
  1643 | D        | Noticed a queen bee
  1646 | D        | Reached skill level 10 in Fire Magic
  1646 | D        | Reached ***** piety under Vehumet
  1646 | D        | Offered knowledge of Bolt of Magma by Vehumet.
  1647 | D        | Killed a queen bee
  1648 | D        | Reached XP level 10. HP: 32/60 MP: 28/31
  1648 | D        | Reached ****** piety under Vehumet
  1650 | D        | Reached skill level 5 in Poison Magic
  1654 | D        | Reached skill level 10 in Conjurations
  1654 | D        | Reached skill level 16 in Spellcasting
  1670 | D        | Learned a level 5 spell: Bolt of Magma
  1847 | D        | Offered knowledge of Bolt of Fire by Vehumet.
  1855 | D        | Learned a level 6 spell: Bolt of Fire
  1875 | D        | Reached skill level 1 in Earth Magic
  1885 | D        | Noticed a spiny frog
  1885 | D        | Noticed a spiny frog
  1887 | D        | Killed a spiny frog
  1887 | D        | Killed a spiny frog
  1889 | D        | Reached skill level 10 in Dodging
  1947 | D        | Offered knowledge of Ozocubu's Refrigeration by Vehumet.
  2069 | D        | Noticed a lindwurm
  2172 | D        | Killed a lindwurm
  2172 | D        | Reached skill level 17 in Spellcasting
  2278 | D        | Offered knowledge of Poison Arrow by Vehumet.
  2278 | D        | Reached XP level 11. HP: 29/67 MP: 27/34
  2287 | D        | Learned a level 6 spell: Poison Arrow
  2356 | D        | Killed a fire dragon
  2417 | D        | Noticed Urug
  2424 | D        | Killed Urug
  2739 | D        | Noticed Rupert
  2739 | D        | Paralysed by Rupert for 4 turns
  2752 | D        | Killed Rupert
  2752 | D        | Reached skill level 18 in Spellcasting
  2752 | D        | Reached skill level 5 in Earth Magic
  2848 | D        | Noticed a death yak
  2849 | D        | Noticed a death yak
  2851 | D        | Noticed a death yak
  2854 | D        | Killed a death yak
  2855 | D        | Noticed a death yak
  2855 | D        | Killed a death yak
  2857 | D        | Killed a death yak
  2857 | D        | Offered knowledge of Freezing Cloud by Vehumet.
  2860 | D        | Killed a death yak
  3006 | D        | Noticed an azure jelly
  3006 | D        | Noticed an azure jelly
  3061 | D        | Noticed a fire dragon
  3114 | D        | Killed an eight-headed hydra
  3180 | D        | Noticed an orc sorcerer
  3183 | D        | Killed an orc sorcerer
  3183 | D        | Reached XP level 12. HP: 75/75 MP: 30/36
  3183 | D        | Offered knowledge of Conjure Ball Lightning by Vehumet.
  3193 | D        | Reached skill level 10 in Short Blades
  3264 | D        | Found Zamadojy's Magic Scroll Shoppe.
  3321 | D        | Bought a scroll of identify for 28 gold pieces
  3321 | D        | Bought a scroll of identify for 28 gold pieces
  3403 | D        | Offered knowledge of Orb of Destruction by Vehumet.
  3403 | D        | Reached skill level 19 in Spellcasting
  3533 | D        | Learned a level 7 spell: Orb of Destruction
  3646 | D        | Noticed a deep elf annihilator
  3647 | D        | Noticed a deep elf demonologist
  3647 | D        | Noticed a deep elf high priest
  3648 | D        | Noticed a deep elf high priest
  3649 | D        | Noticed a deep elf annihilator
  3649 | D        | Killed a deep elf high priest
  3651 | D        | Noticed a deep elf master archer
  3959 | D        | Noticed a deep elf annihilator
  3967 | D        | Killed a deep elf demonologist
  4190 | D        | Killed a deep elf high priest
  4194 | D        | Killed a deep elf master archer
  4470 | D        | Killed a deep elf annihilator
  4470 | D        | Reached skill level 10 in Poison Magic
  4798 | D        | Killed a deep elf annihilator
  4798 | D        | Offered knowledge of Lehudib's Crystal Spear by Vehumet.
  4798 | D        | Offered knowledge of Fire Storm by Vehumet.
  4798 | D        | Offered knowledge of Ignition by Vehumet.
  4798 | D        | Reached skill level 20 in Spellcasting
  4801 | D        | Killed a deep elf annihilator
  5124 | D        | Got a faintly glowing lapis lazuli ring
  5130 | D        | Got a coiled glass ring
  5131 | D        | Got a translucent leather armour
  5194 | D        | Identified the Handbook of Creation and the Blaze
  5198 | D        | Identified Cunkuobb's Catalogue of Venomous Dark Arts
  5201 | D        | Identified the Guide on Attacks
  5204 | D        | Got a crude lapis lazuli ring
  5204 | D        | Got a bound zirconium amulet
  5238 | D        | Identified the ring "Leorphoex" {rElec rF+ rC+ Str+3} (You took it off a deep elf high priest in the Dungeon)
  5239 | D        | Identified the ring "Fetott Upsyl" {rPois rF- rN+ Dex+3} (You found it in the Dungeon)
  5240 | D        | Identified the amulet of Tysumus {RegenMP *Slow +Blink rF+ Dex+8} (You found it in the Dungeon)
  5242 | D        | Identified the ring of Vyxt {+Inv rPois rN+ Int+3 Stlth-} (You took it off a deep elf annihilator in the Dungeon)
  5307 | D        | Identified the cursed +1 leather armour "Ibacsyik" {rPois rF+ Str+5 Int-5} (You took it off a deep elf annihilator in the Dungeon)
  5393 | D        | Identified the Catalogue of Envenoming and Calling (You found it in the Dungeon)
  5493 | D        | Noticed Donald
  5493 | D        | Noticed Frances
  5498 | D        | Killed Donald
  5498 | D        | Reached skill level 1 in Evocations
  5499 | D        | Killed Frances
  5499 | D        | Reached XP level 13. HP: 70/82 MP: 22/39
  5677 | D        | Killed Xtahua
  5788 | D        | Found Zoarumom's Book Emporium.
  5788 | D        | Found Zacwuba's Antique Weapon Shop.
  5788 | D        | Found Zellil's Antique Armour Boutique.
  5788 | D        | Found Lugimp's Jewellery Shoppe.
  5788 | D        | Found Oxypruur's Food Boutique.
  5788 | D        | Found Berch's Distillery.
  5788 | D        | Found Biteomn's Food Shoppe.
  5788 | D        | Found Ettad's Jewellery Shop.
  5788 | D        | Found Jaukki's Gadget Shop.
  5788 | D        | Found Durijyr's Armour Emporium.
  5788 | D        | Found Inwumet's Magic Scroll Emporium.
  5788 | D        | Found Woingem's Weapon Boutique.
  5805 | D        | Bought a scroll of identify for 20 gold pieces
  5805 | D        | Bought a scroll of identify for 20 gold pieces
  5805 | D        | Bought a scroll of blinking for 75 gold pieces
  5805 | D        | Bought a scroll of recharging for 95 gold pieces
  5805 | D        | Bought a scroll of amnesia for 35 gold pieces
  5805 | D        | Bought a scroll of enchant armour for 75 gold pieces
  5810 | D        | Bought a glowing cloak for 135 gold pieces
  5810 | D        | Bought a pitted leather armour for 126 gold pieces
  5820 | D        | Identified the +2 leather armour of the Barnacle {rElec} (You bought it in a shop in the Dungeon)
  5828 | D        | Bought 2 potions of heal wounds for 110 gold pieces
  5828 | D        | Bought a potion of heal wounds for 55 gold pieces
  5832 | D        | Bought a +0 pair of boots for 54 gold pieces
  5955 | D        | Reached skill level 1 in Shields
  5989 | D        | Noticed a fire dragon
  5994 | D        | Killed a fire dragon
  5994 | D        | Reached skill level 10 in Fighting
  6081 | D        | Reached skill level 10 in Armour
  6081 | D        | Reached skill level 21 in Spellcasting
  6120 | D        | Got a smoking rapier
  6130 | D        | Identified the +2 rapier of Summer {vamp, +Rage Str-4 Dex+7} (You found it in the Dungeon)
  6152 | D        | Reached skill level 10 in Earth Magic
  6446 | D        | Noticed Chuck
  6450 | D        | Killed Chuck
  6450 | D        | Reached skill level 5 in Evocations
  6565 | D        | Noticed Sojobo
  6598 | D        | Killed Sojobo
  6703 | D        | Noticed a lich
  6706 | D        | Killed a lich
  6706 | D        | Reached skill level 22 in Spellcasting
  6706 | D        | Reached XP level 14. HP: 88/88 MP: 22/42
  6736 | D        | Learned a level 7 spell: Ring of Flames
  6776 | D        | Reached skill level 1 in Charms
  6782 | D        | Noticed a shadow dragon
  7005 | D        | Killed a shadow dragon
  7059 | D        | Noticed a shadow dragon
  7071 | D        | Killed a shadow dragon
  7139 | D        | Noticed a stone giant
  7139 | D        | Noticed a golden dragon
  7139 | D        | Noticed a titan
  7139 | D        | Noticed a titan
  7139 | D        | Noticed a golden dragon
  7139 | D        | Noticed a stone giant
  7139 | D        | Noticed a quicksilver dragon
  7142 | D        | Killed a stone giant
  7142 | D        | Reached skill level 5 in Shields
  7143 | D        | Killed a stone giant
  7143 | D        | Reached skill level 15 in Dodging
  7144 | D        | Noticed a titan
  7318 | D        | Killed a golden dragon
  7318 | D        | Reached skill level 5 in Charms
  7318 | D        | Reached skill level 15 in Fire Magic
  7331 | D        | Killed a titan
  7331 | D        | Reached skill level 23 in Spellcasting
  7769 | D        | Killed a quicksilver dragon
  7769 | D        | Reached skill level 15 in Conjurations
  8088 | D        | Found a blossoming altar of Fedhas.
  8168 | D        | Noticed Gastronok
  8173 | D        | Killed Gastronok
  8340 | D        | Found Coeweant's Magic Scroll Shoppe.
  8340 | D        | Found Veusuotyext's Book Boutique.
  8340 | D        | Found Nucilall's Antique Armour Emporium.
  8364 | D        | Got a decaying rune of Zot
  8416 | D        | Noticed an azure jelly
  8416 | D        | Noticed an azure jelly
  8544 | D        | Reached XP level 15. HP: 96/96 MP: 34/44
  8623 | D        | Noticed a nagaraja
  8629 | D        | Killed a nagaraja
  8630 | D        | Reached skill level 24 in Spellcasting
  8635 | D        | Found Puepaent's Distillery.
  8635 | D        | Found Efil's Jewellery Shoppe.
  8638 | D        | Found Liremok's Antique Armour Boutique.
  8659 | D        | Got a serpentine rune of Zot
  8942 | D        | Killed a titan
  8955 | D        | Killed a golden dragon
  8955 | D        | Reached skill level 10 in Charms
  8955 | D        | Reached skill level 10 in Evocations
  9024 | D        | Got a clouded turquoise ring
  9219 | D        | Killed a titan
  9456 | D        | Got an encrusted war axe {flame}
  9481 | D        | Got a silver rune of Zot
 10194 | D        | Identified the +6 war axe "Newtslayer" {flame, +Inv rPois} (You took it off a vault guard in the Dungeon)
 10197 | D        | Identified the ring "Luisimas" {rPois rF++} (You took it off a centaur warrior in the Dungeon)
 11000 | D        | Reached skill level 25 in Spellcasting
 11208 | D        | Noticed Azrael
 11210 | D        | Killed Azrael
 11661 | D        | Noticed Boris
 11668 | D        | Killed Boris
 11762 | D        | Noticed Mennas
 11778 | D        | Noticed Roxanne
 11784 | D        | Found Nichikaff's Gadget Shoppe.
 11785 | D        | Found Pugake's Armour Shop.
 11785 | D        | Found Oqaupt's Food Emporium.
 11785 | D        | Found Benattoe's Armour Shop.
 11786 | D        | HP: 4/97 [acid (12)]
 11787 | D        | Mangled by Mennas

Vault maps used:
D:        dungeon_sprint_mu

Skill      XL: |  1  2  3  4  5  6  7  8  9 10 11 12 13 14 15 |
---------------+----------------------------------------------+-----
Spellcasting   | 5 6 8 12 13 14 15 17 18 20 22 23 25 | 25.3
Conjurations   | 2 3 4 7 9 10 11 13 14 15 16 | 16.5
Fire Magic     | 4 5 7 8 9 10 11 12 13 14 15 16 | 16.7
Fighting       | 3 4 5 6 7 8 9 10 11 12 | 12.7
Short Blades   | 3 5 6 7 8 9 11 12 13 14 | 14.7
Armour         | 3 4 5 6 7 8 9 10 11 12 | 12.6
Dodging        | 5 6 8 9 10 11 13 14 15 17 | 17.2
Poison Magic   | 3 4 6 8 10 12 13 14 | 14.7
Earth Magic    | 3 6 9 10 12 14 | 14.0
Evocations     | 2 6 9 11 | 11.3
Shields        | 4 6 8 |  8.6
Charms         | 8 12 | 12.2
Stealth        | |  2.4

Action                   |  1- 3 |  4- 6 |  7- 9 | 10-12 | 13-15 || total
-------------------------+-------+-------+-------+-------+-------++-------
Melee: Dagger            |       |       |       |     3 |    68 ||    71
       Peck              |       |       |       |       |    69 ||    69
       Rapier            |       |       |       |       |    74 ||    74
 Cast: Flame Tongue      |    12 |     1 |    41 |     5 |     2 ||    61
       Conjure Flame     |     1 |       |     7 |     5 |     3 ||    16
       Sticky Flame      |       |     3 |     5 |     6 |    14 ||    28
       Fireball          |       |       |     3 |    15 |    10 ||    28
       Throw Flame       |       |       |     2 |       |       ||     2
       Inner Flame       |       |       |     1 |     2 |     5 ||     8
       Ignite Poison     |       |       |     6 |    18 |    13 ||    37
       Olgreb's Toxic Ra |       |       |     3 |    13 |     9 ||    25
       Bolt of Fire      |       |       |       |    38 |    57 ||    95
       Bolt of Magma     |       |       |       |     6 |     6 ||    12
       Orb of Destructio |       |       |       |     9 |   108 ||   117
       Poison Arrow      |       |       |       |     2 |     9 ||    11
       Ring of Flames    |       |       |       |       |     2 ||     2
 Abil: Evoke Blink       |       |       |       |     3 |    11 ||    14
       Evoke Flight      |       |       |       |       |     5 ||     5
Evoke: Wand              |       |       |       |       |     1 ||     1
  Use: Potion            |     2 |       |     1 |     3 |     7 ||    13
       Scroll            |     2 |       |       |     5 |     7 ||    14
 Stab: Sleeping          |       |       |       |     1 |       ||     1
  Eat: Chunk             |       |       |     3 |     6 |     2 ||    11
       Fruit             |       |       |       |     3 |    11 ||    14
       Royal jelly       |       |       |       |     5 |    10 ||    15
       Meat ration       |       |       |       |       |     1 ||     1
Armor: Robe              |       |       |     1 |       |       ||     1
       Leather armour    |       |       |       |       |    14 ||    14
Dodge: Dodged            |       |     2 |    14 |    17 |   112 ||   145
Block: Shield            |       |       |       |       |    23 ||    23

Table legend:
 A = Spawn XP
 B = Non-spawn XP
 C = Spawn XP percentage of total XP
 D = Spawn monster count
 E = Non-spawn monster count
 F = Spawn count percentage of total count
 G = Total turns spent on level
                    A         B        C        D         E        F      G
               +---------+---------+-------+---------+---------+-------+---------
         Total |       0 |  147914 |   0.0 |       0 |     238 |   0.0 | 11787
               +---------+---------+-------+---------+---------+-------+---------
             D |       0 |  147914 |   0.0 |       0 |     238 |   0.0 | 11787
               +---------+---------+-------+---------+---------+-------+---------
